 Dungeon Crawl Stone Soup version 0.19.4-8-ga85b6b9 (webtiles) character file.

6792 Gargoyl the Protected (level 11, -9/91 HPs)
             Began as a Ghoul Abyssal Knight on Feb 8, 2017.
             Was a Priest of Lugonu.
             Mangled by a blink frog (11 damage)
             ... on level 4 of the Lair of Beasts.
             The game lasted 00:23:15 (8389 turns).

Gargoyl the Protected (Ghoul Abyssal Knight)        Turns: 8389, Time: 00:23:15

Health: -9/91      AC: 18    Str: 18    XL:     11   Next: 5%
Magic:  25/25      EV:  6    Int:  7    God:    Lugonu [***...]
Gold:   489        SH:  2    Dex: 10    Spells: 0 memorised, 10 levels left

rFire  . . .     SeeInvis .     F - +5 mace of the Sage {drain, +Inv MR+}
rCold  + . .     Gourm    .     d - +1 plate armour
rNeg   + + +     Faith    .     (no shield)
rPois  ∞         Spirit   .     (no helmet)
rElec  .         Reflect  +     b - +2 cloak
rCorr  +         Harm     .     (no gloves)
MR     +....                    (no boots)
Stlth  ..........               l - +2 amulet of reflection
                                i - ring of magical power
                                f - ring of resist corrosion

@: rotting
A: rotting body, claws 1, carnivore 3, cold resistance 1, negative energy
resistance 3, slow regeneration 1, torment resistance, unbreathing
a: Depart the Abyss, Bend Space, Banish, Renounce Religion, Evoke Invisibility


You were on level 4 of the Lair of Beasts.
You worshipped Lugonu.
Lugonu was most pleased with you.
You were not hungry.

You visited 2 branches of the dungeon, and saw 12 of its levels.
You visited the Abyss 1 time.

You collected 489 gold pieces.

Inventory:

Hand Weapons
 a - a +1 hand axe
 j - a +1 war axe
 F - the +5 mace of the Sage (weapon) {drain, +Inv MR+}
   (You found it on level 7 of the Dungeon)

   A truly terrible weapon, it drains the life of those it strikes.
   It affects your resistance to hostile enchantments.
   It lets you turn invisible.
Missiles
 z - 88 arrows
 G - 2 tomahawks (quivered)
Armour
 b - a +2 cloak (worn)
 d - a +1 plate armour (worn)
Jewellery
 f - a ring of resist corrosion (left claw)
 i - a ring of magical power (right claw)
 l - a +2 amulet of reflection (around neck)
Wands
 e - a wand of disintegration (22/24)
 k - a wand of paralysis (17/24)
 A - a wand of iceblast (4/15)
 B - a wand of polymorph (11/24)
Scrolls
 h - a scroll of enchant weapon
 n - 5 scrolls of remove curse
 o - 2 scrolls of magic mapping
 s - 6 scrolls of identify
 y - a scroll of amnesia
 C - a scroll of recharging
Potions
 q - 2 potions of berserk rage
 v - 3 potions of haste
Books
 I - a book of Battle

   Spells                             Type                      Level
   a - Infusion                       Charms                       1
   b - Shroud of Golubria             Charms/Translocation         2
   c - Song of Slaying                Charms                       2
   d - Spectral Weapon                Hexes/Charms                 3
   e - Regeneration                   Charms/Necromancy            3
Comestibles
 c - 4 meat rations
 r - 4 beef jerkies
 w - a slice of pizza


   Skills:
 + Level 6.7 Fighting
 + Level 7.5(8.2) Axes
 + Level 4.7(6.8) Maces & Flails
 + Level 0.5 Throwing
 * Level 9.1 Armour
 + Level 2.1 Dodging
 * Level 8.2 Invocations


You had 10 spell levels left.
You didn't know any spells.

Dungeon Overview and Level Annotations

Branches:
Dungeon (8/15)             Temple (0/1) D:5            Lair (4/6) D:8
  Swamp: Lair:2-4    Shoals: Lair:2-4     Snake: Lair:2-4    Spider: Lair:2-4

Altars:

Annotations:
D:3 Purgy
Lair:1 Fannar
Abyss:1 Dowan, Edmund


Innate Abilities, Weirdness & Mutations

Your body is rotting away.
You thrive on raw meat.
You are immune to poison.
You have sharp fingernails.
You are carnivorous and can eat meat at any time.
Your flesh is cold resistant. (rC+)
You are immune to negative energy. (rN+++)
You regenerate slowly when monsters are visible.
You are immune to unholy pain and torment.
You can survive without breathing.


Message History

The blink frog hits you!
* * * LOW HITPOINT WARNING * * *
The blink frog blinks!
Throwing (i - inventory):
G - 4 tomahawks (quivered)
Press: ? - help, Shift-Dir - straight line, f/p - blink frog
Aim: a blink frog (moderately wounded)
You throw a tomahawk. The tomahawk hits the blink frog.
The blink frog is heavily wounded.
The blink frog blinks!
Throwing (i - inventory):
G - 3 tomahawks (quivered)
Press: ? - help, Shift-Dir - straight line, f/p - blink frog
Aim: a blink frog (heavily wounded)
You throw a tomahawk.
The tomahawk barely misses the blink frog.
The blink frog hits you!
* * * LOW HITPOINT WARNING * * *
Press: ? - help, Shift-Dir - straight line, f/p - blink frog
Aim: a blink frog (heavily wounded, chance to defeat MR: 73%)
You fail to use your ability.
The blink frog hits you!
You die...

...S.. ....#.
....... P....#P
...(... #.....
....... ....#
.......###...# ##
........#....##..#.
......#.#....P.....
...#....÷........
#....P...@<........
#.........F........
#......(.....#.....
P..........#(# ....
P..........### ...
#........... ..
............. .
...........


You could see a blink frog.

Vanquished Creatures
  Pikel (D:4)
  A troll (D:8)
  4 hippogriffs
  2 blink frogs (Lair:4)
  A yak (Lair:2)
  A basilisk (Lair:4)
  A porcupine (Lair:1)
  A water moccasin (Lair:1)
  Duvessa (D:5)
  A sky beast (D:6)
  An orc warrior (Lair:1)
  A black bear (D:8)
  An ice beast (D:6)
  2 ogres
  2 wolves
  A centaur (D:6)
  Blork the orc (D:4)
  4 bullfrogs
  A scorpion (D:8)
  5 killer bees (D:7)
  3 wights (D:8)
  2 electric eels (D:8)
  2 howler monkeys (D:7)
  2 crimson imps
  A centaur zombie (D:7)
  A quasit (D:6)
  An orc priest (D:7)
  6 hounds
  2 bullfrog skeletons (D:7)
  2 jellies
  A gnoll shaman (D:5)
  2 iguanas
  Natasha (D:3)
  6 orc wizards
  9 worker ants
  2 hound skeletons
  15 gnolls
  12 adders
  4 shadow imps
  An ooze (D:4)
  3 adder skeletons
  2 worms
  6 dart slugs
  5 leopard geckos
  23 orcs
  11 bats
  15 giant cockroaches
  5 goblins
  9 hobgoblins
  18 jackals
  3 quokkas
  A ball python (D:6)
  A frilled lizard (D:2)
  5 kobolds
  A quokka zombie (D:6)
  3 rats
  A plant (Lair:1)
220 creatures vanquished.

Vanquished Creatures (others)
  An ugly thing (D:7)
  A spiny frog (Lair:4)
  A hornet (D:6)
  A blink frog (Lair:4)
  A porcupine (Lair:4)
  3 electric eels
  A shadow imp (D:8)
  A dart slug (D:6)
  An orc (D:8)
11 creatures vanquished.

Grand Total: 231 creatures vanquished

Notes
Turn   | Place    | Note
-------+----------+-------------------------------------------
     0 | Abyss:1  | Gargoyl the Ghoul Abyssal Knight began the quest for the Orb.
     0 | Abyss:1  | Reached XP level 1. HP: 19/19 MP: 1/1
    61 | Abyss:2  | Noticed a large abomination
    64 | Abyss:2  | Noticed a ynoxinul
    66 | D:1      | Escaped the Abyss
    95 | D:1      | Reached XP level 2. HP: 15/25 MP: 2/2
   167 | D:1      | Reached * piety under Lugonu
   305 | D:1      | Reached skill level 2 in Armour
   329 | D:1      | Reached XP level 3. HP: 27/33 MP: 3/3
   991 | D:2      | Reached XP level 4. HP: 36/40 MP: 4/4
  1020 | D:2      | Reached ** piety under Lugonu
  1104 | D:2      | Reached skill level 1 in Dodging
  1766 | D:3      | HP: 2/40 [gnoll/whip (4)]
  1770 | D:3      | Reached XP level 5. HP: 11/46 MP: 5/5
  1878 | D:3      | Reached skill level 3 in Armour
  1949 | D:3      | Noticed Purgy
  2080 | D:4      | Noticed Blork the orc
  2107 | D:4      | Killed Blork the orc
  2107 | D:4      | Reached XP level 6. HP: 36/52 MP: 7/7
  2309 | D:4      | Reached *** piety under Lugonu
  2480 | D:4      | Noticed Edmund
  2505 | D:4      | Banished Edmund
  2762 | D:4      | Reached XP level 7. HP: 59/59 MP: 9/9
  2826 | D:4      | Noticed Pikel
  2843 | D:4      | Killed Pikel
  2843 | D:4      | Reached skill level 5 in Axes
  2843 | D:4      | Reached skill level 4 in Armour
  2843 | D:4      | Reached XP level 8. HP: 62/67 MP: 10/10
  2858 | D:4      | Noticed a hippogriff
  2879 | D:4      | Killed a hippogriff
  2879 | D:4      | Reached skill level 5 in Armour
  2916 | D:4      | Got a warped steel amulet
  2985 | D:3      | Noticed Natasha
  2994 | D:3      | Killed Natasha
  3074 | D:5      | Entered Level 5 of the Dungeon
  3154 | D:5      | Noticed Dowan
  3155 | D:5      | Found a staircase to the Ecumenical Temple.
  3156 | D:5      | Noticed Duvessa
  3170 | D:5      | Killed Duvessa
  3170 | D:5      | Reached skill level 5 in Fighting
  3187 | D:5      | Banished Dowan
  3335 | D:5      | Reached skill level 5 in Invocations
  3479 | D:5      | Reached skill level 6 in Armour
  3905 | D:6      | Reached XP level 9. HP: 68/74 MP: 11/11
  4254 | D:6      | Reached **** piety under Lugonu
  4630 | D:6      | Noticed a hornet
  4645 | D:6      | Banished a hornet
  5036 | D:7      | Got a fine mace
  5037 | D:7      | Identified the +5 mace of the Sage {drain, +Inv MR+} (You found it on level 7 of the Dungeon)
  5331 | D:7      | Reached skill level 7 in Armour
  5344 | D:7      | Reached skill level 1 in Maces & Flails
  5472 | D:7      | Noticed a red ugly thing
  5486 | D:7      | Banished a red ugly thing
  5486 | D:7      | Reached XP level 10. HP: 20/83 MP: 13/13
  5936 | D:7      | Got a wavering jade ring
  5940 | D:7      | Identified the amulet of the Garden {RegenMP Dex+2} (You found it on level 4 of the Dungeon)
  5942 | D:7      | Identified the ring of Dynye {Ice Str+4} (You found it on level 7 of the Dungeon)
  6375 | D:8      | Found a staircase to the Lair.
  6397 | D:8      | Reached skill level 8 in Armour
  6860 | Lair:1   | Entered Level 1 of the Lair of Beasts
  6890 | Lair:1   | HP: 4/84 [spatial distortion (3)]
  7090 | Lair:1   | Noticed a catoblepas
  7109 | Lair:1   | Banished a catoblepas
  7689 | Lair:1   | Noticed Fannar
  7721 | Lair:1   | HP: 3/84 [Fannar/quarterstaff of freezing (2)]
  7918 | Lair:2   | HP: 1/83 [yak (8)]
  7940 | Lair:4   | Noticed a spiny frog
  7941 | Lair:4   | Banished a spiny frog
  8330 | Lair:4   | Reached skill level 9 in Armour
  8330 | Lair:4   | Reached XP level 11. HP: 69/90 MP: 16/16
  8388 | Lair:4   | HP: 2/91 [blink frog (11)]
  8389 | Lair:4   | Mangled by a blink frog

Skill      XL: |  1  2  3  4  5  6  7  8  9 10 |
---------------+-------------------------------+-----
Axes           | 2 3 5 6 7 |  7.5
Armour         | 2 3 4 6 7 9 |  9.1
Fighting       | 4 5 6 |  6.7
Dodging        | 1 2 |  2.1
Invocations    | 3 4 5 6 8 |  8.2
Maces & Flails | 2 4 |  4.7
Throwing       | |  0.5

Action                   |  1- 3 |  4- 6 |  7- 9 | 10-12 || total
-------------------------+-------+-------+-------+-------++-------
Melee: Hand axe          |   122 |   236 |       |       ||   358
       War axe           |       |    34 |   326 |    18 ||   378
       Mace              |       |       |    81 |   264 ||   345
Throw: Tomahawk          |       |       |       |     8 ||     8
Invok: Depart the Abyss  |     1 |       |       |       ||     1
       Banish            |       |     1 |     6 |    11 ||    18
       Bend Space        |       |       |     1 |     1 ||     2
  Use: Scroll            |     7 |     7 |     4 |     8 ||    26
       Potion            |       |     8 |     1 |    11 ||    20
  Eat: Chunk             |     9 |    27 |    57 |    42 ||   135
Armor: Plate armour      |   164 |   352 |   429 |   349 ||  1294
Dodge: Dodged            |    43 |   107 |   159 |   163 ||   472
Block: Other             |       |    27 |    39 |    29 ||    95
